 Dungeon Crawl Stone Soup version 0.19.1-1-g22dce08 (webtiles) character file.

784 theAP the Cudgeler (level 7, -2/46 HPs)
             Began as a Gargoyle Fighter on Jan 3, 2017.
             Slain by a gnoll
             ... wielding a +0 halberd of chopping
              (7 damage)
             ... on level 4 of the Dungeon.
             The game lasted 00:08:52 (3001 turns).

theAP the Cudgeler (Gargoyle Fighter)               Turns: 3001, Time: 00:08:53

Health: -2/46      AC: 22    Str: 22    XL:     7   Next: 86%
Magic:  7/7        EV:  5    Int:  8    God:
Gold:   116        SH:  9    Dex:  9    Spells: 0 memorised, 6 levels left

rFire  . . .     SeeInvis .     a - +0 flail
rCold  . . .     Gourm    .     w - +0 chain mail
rNeg   + . .     Faith    .     c - +0 shield
rPois  ∞         Spirit   .     u - +0 helmet (curse)
rElec  +         Reflect  .     p - +0 cloak
rCorr  .         Harm     .     h - +0 pair of gloves
MR     .....                    (no boots)
Stlth  ..........               o - amulet of magic regeneration
                                (no ring)
                                s - +5 ring of protection

@: no status effects
A: negative energy resistance 1, electricity resistance, unbreathing,
petrification resistance, rot immunity, AC +4
a: no special abilities


You were on level 4 of the Dungeon.
You were not hungry.

You visited 1 branch of the dungeon, and saw 4 of its levels.

You collected 116 gold pieces.

Inventory:

Hand Weapons
 a - a +0 flail (weapon)
Armour
 b - a +0 scale mail
 c - a +0 shield (worn)
 h - a +0 pair of gloves (worn)
 p - a +0 cloak (worn)
 u - a cursed +0 helmet (worn)
 w - a +0 chain mail (worn)
Jewellery
 o - an amulet of magic regeneration (around neck)
 s - a +5 ring of protection (left hand)
Scrolls
 g - a scroll of immolation {unknown}
 l - 2 scrolls of noise
 n - 2 scrolls of remove curse
 q - 3 scrolls of identify
 v - 2 scrolls of blinking
 y - a scroll of amnesia {unknown}
Potions
 d - a potion of might
 e - a potion of resistance
 i - a potion of heal wounds
 j - a potion of degeneration {unknown}
 k - a potion of brilliance {unknown}
 m - a potion of agility {unknown}
 t - a potion of mutation {unknown}
 x - 2 potions of beneficial mutation {unknown}
Comestibles
 f - 2 bread rations
 r - 2 meat rations


   Skills:
 + Level 6.0 Fighting
 * Level 7.2 Maces & Flails
 - Level 3.5 Armour
 - Level 3.4 Shields


You had 6 spell levels left.
You didn't know any spells.

Dungeon Overview and Level Annotations

Branches:
Dungeon (4/15)
 Temple: D:4-7

Altars:
Sif Muna
Vehumet
Zin


Innate Abilities, Weirdness & Mutations

You are resistant to torment.
Your stone body is resilient. (AC +4)
You are immune to poison.
You resist negative energy. (rN+)
You are resistant to electric shocks. (rElec)
You can survive without breathing.
You are immune to petrification.
You are immune to rotting.


Message History

The gnoll is severely wounded.
You block the gnoll's attack.
The gnoll hits you but does no damage. x2
You hit the gnoll.
The gnoll is almost dead.
The gnoll hits you from afar with a halberd of chopping.
The gnoll hits you but does no damage. x2
Your shield and chain mail prevent you from hitting the gnoll.
The gnoll is almost dead.
The gnoll hits you but does no damage. x2; The gnoll barely misses you.
You closely miss the gnoll.
The gnoll is almost dead.
You block the gnoll's attack. x2; The gnoll hits you but does no damage.
You closely miss the gnoll.
The gnoll is almost dead.
You block the gnoll's attack. x2
The gnoll hits you from afar with a halberd of chopping!
* * * LOW HITPOINT WARNING * * *
x2 The gnoll hits you but does no damage.
The gnoll hits you from afar with a halberd of chopping!
You die...

#..............
#..............
#..............
#..............
##'####....####
#....#....+
#....+....#
#...##....#
#@###.......
#.gg#.......
#...ga.....
#...#......
#...# #....
#..... ...
#.....# .
#.....# #.....+


You could see a worker ant and 3 gnolls.

Vanquished Creatures
  Grinder (D:4)
  Duvessa (D:4)
  Dowan (D:4)
  A scorpion (D:4)
  An orc wizard (D:3)
  A bullfrog skeleton (D:4)
  An orc priest (D:3)
  A hound (D:4)
  Terence (D:2)
  4 worker ants (D:4)
  Robin (D:2)
  2 adders
  4 worms
  4 leopard geckos
  14 orcs
  5 bats
  5 giant cockroaches
  11 hobgoblins
  5 jackals (D:3)
  6 kobolds
  A quokka (D:2)
  5 ball pythons
  A ball python skeleton (D:4)
  3 frilled lizards
  11 goblins
  A quokka skeleton (D:4)
  6 rats
98 creatures vanquished.

Notes
Turn   | Place    | Note
-------+----------+-------------------------------------------
     0 | D:1      | theAP the Gargoyle Fighter began the quest for the Orb.
     0 | D:1      | Reached XP level 1. HP: 14/14 MP: 1/1
    99 | D:1      | Reached XP level 2. HP: 19/19 MP: 2/2
   485 | D:2      | Noticed Terence
   503 | D:2      | Killed Terence
   503 | D:2      | Reached XP level 3. HP: 18/24 MP: 3/3
   562 | D:2      | Reached skill level 3 in Maces & Flails
   615 | D:2      | Noticed Robin
   647 | D:2      | Killed Robin
   647 | D:2      | Reached XP level 4. HP: 25/29 MP: 4/4
   807 | D:2      | Found a radiant altar of Vehumet.
  1146 | D:3      | Reached skill level 4 in Maces & Flails
  1146 | D:3      | Reached XP level 5. HP: 8/34 MP: 5/5
  1807 | D:3      | Noticed an angel
  1808 | D:3      | Found a glowing silver altar of Zin.
  1962 | D:3      | Found a deep blue altar of Sif Muna.
  2378 | D:4      | Noticed Duvessa
  2381 | D:4      | Noticed Dowan
  2393 | D:4      | Killed Duvessa
  2393 | D:4      | Reached skill level 5 in Maces & Flails
  2393 | D:4      | Reached XP level 6. HP: 30/40 MP: 6/6
  2401 | D:4      | Killed Dowan
  2401 | D:4      | Reached skill level 5 in Fighting
  2440 | D:4      | Reached skill level 6 in Maces & Flails
  2440 | D:4      | Reached XP level 7. HP: 25/44 MP: 7/7
  2691 | D:4      | Noticed Grinder
  2708 | D:4      | Paralysed by Grinder for 3 turns
  2722 | D:4      | Paralysed by Grinder for 2 turns
  2736 | D:4      | Killed Grinder
  2955 | D:4      | Reached skill level 7 in Maces & Flails
  3001 | D:4      | Slain by a gnoll

Skill      XL: |  1  2  3  4  5  6  7 |
---------------+----------------------+-----
Fighting       | 4 5 6 |  6.0
Maces & Flails | 3 4 5 6 7 |  7.2
Armour         | |  3.5
Shields        | |  3.4

Action                   |  1- 3 |  4- 6 |  7- 9 || total
-------------------------+-------+-------+-------++-------
Melee: Flail             |   107 |   275 |    92 ||   474
  Use: Scroll            |     4 |     3 |       ||     7
       Potion            |       |     1 |       ||     1
  Eat: Chunk             |       |     5 |       ||     5
       Meat ration       |       |       |     1 ||     1
Armor: Scale mail        |    85 |    33 |       ||   118
       Chain mail        |       |   232 |    81 ||   313
Dodge: Dodged            |    39 |    75 |    24 ||   138
Block: Shield            |    92 |   166 |    42 ||   300
